 Dungeon Crawl Stone Soup version 0.30-a0-414-gcb316572d5 (webtiles) character file.

Game seed: 11837767952540736675

82747 zishaf the Impassioned (level 15, -2/85 HPs)
             Began as a Vine Stalker Brigand on Dec 7, 2022.
             Was the Champion of Uskayaw.
             Slain by an orc high priest
             ... wielding a +1 vampiric scimitar
              (7 damage)
             ... on level 2 of the Orcish Mines.
             The game lasted 00:35:49 (19074 turns).

zishaf the Impassioned (Vine Stalker Brigand)      Turns: 19074, Time: 00:35:50

Health: -2/85      AC: 13    Str: 21    XL:     15   Next: 74%
Magic:  0/28       EV: 10    Int: 11    God:    Uskayaw [******]
Gold:   1836       SH: 10    Dex: 18    Spells: 14/14 levels left

rFire   + . .      SeeInvis +    a - +3 dagger (drain)
rCold   + + +      Faith    .    w - +0 kite shield {rC+}
rNeg    . . .      Spirit   +    C - +0 robe {rC+ rF+}
rPois   +          Reflect  .    V - +2 helmet {SInv}
rElec   .          Harm     .    S - +0 cloak {rC+}
rCorr   .          Rampage  .    q - +1 pair of gloves
Will    ++...      Clarity  +    k - +0 pair of boots
Stlth   +++++.....               f - amulet "Yphe" {RegenMP rPois Str+2 Slay+2}
HPRegen 1.14/turn                x - +4 ring of slaying
MPRegen 0.61/turn                L - ring "Jaje" {Will+ AC+4}

@: studying Ice Magic
A: fangs 3, regeneration 1, magic shield, antimagic bite, no potion heal 2,
clarity, passive freeze
a: Renounce Religion, Stomp, Line Pass, Grand Finale


You were on level 2 of the Orcish Mines.
You worshipped Uskayaw.
Uskayaw was most pleased with you.
You visited 4 branches of the dungeon, and saw 21 of its levels.
You also visited: Ice Cave.

You collected 2188 gold pieces.
You spent 352 gold pieces at shops.

Inventory:

Hand Weapons
 a - a +3 dagger of draining (weapon)
 p - a +2 dagger of venom
Missiles
 b - a throwing net
 d - 82 poisoned darts
 e - 5 curare-tipped darts
 g - 16 boomerangs (quivered)
 l - a boomerang of dispersal
 W - 4 atropa-tipped darts
Armour
 k - a +0 pair of boots (worn)
 q - a +1 pair of gloves (worn)
 w - a +0 kite shield of cold resistance (worn)
 C - a +0 robe of resistance (worn)
 H - a +3 ring mail
 S - a +0 cloak of cold resistance (worn)
 V - a +2 helmet of see invisible (worn)
Jewellery
 f - the amulet "Yphe" (around neck) {RegenMP rPois Str+2 Slay+2}
   (You acquired it on level 3 of the Lair of Beasts)

   [amulet of magic regeneration]

   It increases your rate of magic regeneration.
   Str:       It affects your strength (+2).
   Slay:      It affects your accuracy & damage with ranged weapons and melee
   (+2).
   rPois:     It protects you from poison.
 x - a +4 ring of slaying (left hand)
 L - the ring "Jaje" (right hand) {Will+ AC+4}
   (You found it on level 10 of the Dungeon)

   [ring of protection]

   AC:        It affects your AC (+4).
   Will:      It increases your willpower.
 O - the ring of Greater Demons {Wiz rElec Dex+3}
   (You found it on level 11 of the Dungeon)

   [ring of wizardry]

   It improves your spell success rate.
   Dex:       It affects your dexterity (+3).
   rElec:     It insulates you from electricity.
 X - a ring of protection from fire
Wands
 n - a wand of roots (23)
 r - a wand of flame (50)
 t - a wand of polymorph (15)
 D - a wand of light (18)
 K - a wand of paralysis (10)
 P - a wand of digging (5)
Scrolls
 h - 5 scrolls of immolation
 j - 13 scrolls of teleportation
 s - 5 scrolls of identify
 v - 5 scrolls of magic mapping
 y - a scroll of poison
 A - 2 scrolls of blinking
 G - 2 scrolls of silence
 J - 3 scrolls of butterflies
 M - 3 scrolls of enchant weapon
 T - 4 scrolls of enchant armour
 Z - 2 scrolls of fear
Potions
 c - a potion of attraction
 i - 5 potions of curing
 m - 2 potions of resistance
 o - 5 potions of lignification
 u - 2 potions of brilliance
 z - 2 potions of flight
 B - 2 potions of haste
 E - a potion of berserk rage
 F - a potion of invisibility
 I - a potion of might
 Q - 2 potions of magic
 U - a potion of ambrosia
 Y - 2 potions of mutation
Miscellaneous
 N - a condenser vane
 R - a lightning rod (4/4)


   Skills:
 + Level 12.7 Fighting
 - Level 8.0 Short Blades
 - Level 8.0 Throwing
 - Level 1.0 Dodging
 + Level 11.3 Stealth
 + Level 5.9 Shields
 + Level 16.5 Invocations
 - Level 8.0 Evocations


You had 14 spell levels left.
You didn't know any spells.
Your spell library contained the following spells:

 Spells                   Type           Power      Damage    Failure   Level
 Freeze                   Ice            0%         1d3       67%         1
 Kiss of Death            Conj/Necr      0%         2d5       67%         1
 Magic Dart               Conj           0%         1d3       67%         1
 Necrotise                Necr           0%         1d4       67%         1
 Slow                     Hex            0%         N/A       67%         1
 Call Imp                 Summ           0%         N/A       82%         2
 Cigotuvi's Dreadful Rot  Necr/Pois/Air  0%         N/A       82%         2
 Poisonous Vapours        Pois/Air       0%         N/A       82%         2
 Static Discharge         Conj/Air       0%         2-2/arc   82%         2
 Sublimation of Blood     Necr           0%         N/A       82%         2
 Wereblood                Tmut           0%         N/A       82%         2
 Confusing Touch          Hex            0%         N/A       96%         3
 Dazzling Flash           Conj/Hex       0%         N/A       96%         3
 Hailstorm                Conj/Ice       0%         3d3       96%         3
 Inner Flame              Hex/Fire       0%         N/A       96%         3
 Mephitic Cloud           Conj/Pois/Air  0%         N/A       96%         3
 Ozocubu's Armour         Ice            0%         N/A       96%         3
 Vampiric Draining        Necr           0%         2d6       96%         3
 Vhi's Electric Charge    Tloc/Air       0%         N/A       96%         3
 Airstrike                Air            0%         2d(0-16)  100%        4
 Animate Armour           Summ/Erth      0%         N/A       100%        4
 Animate Dead             Necr           0%         N/A       100%        4
 Dispel Undead            Necr           0%         3d6       100%        4
 Flame Wave               Conj/Fire      0%         2d4       100%        4
 Ice Form                 Ice/Tmut       0%         N/A       100%        4
 Sticky Flame             Conj/Fire      0%         2d3       100%        4
 Summon Lightning Spire   Summ/Air       0%         N/A       100%        4
 Agony                    Necr           0%         N/A       100%        5
 Arcjolt                  Conj/Air       0%         1d10      100%        5
 Blade Hands              Tmut           0%         N/A       100%        5
 Borgnjor's Vile Clutch   Necr/Erth      0%         N/A       100%        5
 Lightning Bolt           Conj/Air       0%         1d11      100%        5
 Metabolic Englaciation   Hex/Ice        0%         N/A       100%        5
 Silence                  Hex/Air        0%         N/A       100%        5
 Summon Forest            Summ/Tloc      0%         N/A       100%        5
 Summon Mana Viper        Hex/Summ       0%         N/A       100%        5
 Conjure Ball Lightning   Conj/Air       0%         3x3d7     100%        6
 Iron Shot                Conj/Erth      0%         9d1       100%        6
 Simulacrum               Ice/Necr       0%         N/A       100%        6
 Summon Cactus Giant      Summ           0%         N/A       100%        6
 Haunt                    Necr/Summ      0%         N/A       100%        7
 Ozocubu's Refrigeration  Ice            0%         4d7       100%        7
 Summon Hydra             Summ           0%         N/A       100%        7
 Borgnjor's Revivificati  Necr           0%         N/A       100%        8
 Discord                  Hex            0%         N/A       100%        8
 Disjunction              Tloc           0%         N/A       100%        8


Dungeon Overview and Level Annotations

Branches:
Dungeon (13/15)            Temple (1/1) D:5            Lair (5/5) D:9
  Swamp (0/4) Lair:2       Spider (0/4) Lair:3        Slime (0/5) Lair:5
    Orc (2/2) D:12            Elf (0/3) Orc:2         IceCv (visited)
 Vaults: D:13-14

Altars:
Ashenzari
Cheibriados
Dithmenos
Elyvilon
Fedhas
Gozag
Hepliaklqana
Kikubaaqudgha
Makhleb
Nemelex Xobeh
Okawaru
Qazlal
Ru
Sif Muna
Trog
Uskayaw
Vehumet
Wu Jian
Xom
Yredelemnul
Zin
The Shining One

Shops:
D:13 *   Orc:2 ?*?:[?

Portals:
Trove: D:13 (give +4 storm dragon scales)


Innate Abilities, Weirdness & Mutations

You have razor-sharp teeth.
Your natural rate of healing is unusually fast.
When hurt, damage is shared between your health and your magic reserves.
Your bite disrupts and absorbs the magic of your enemies.
Potions cannot restore your health.
You possess an exceptional clarity of mind.
A frigid envelope surrounds you and freezes all who hurt you.


Message History

The orc sorcerer is moderately wounded.
The orc sorcerer hits you with a +0 dagger.
* * * LOW HITPOINT WARNING * * *
The orc sorcerer is very cold.
The orc sorcerer is heavily wounded.
The orc knight roars a battlecry!
The orc high priests go into a battle-frenzy!
A demonspawn comes into view.
You barely miss the orc sorcerer. Your bite misses the orc sorcerer.
The orc sorcerer is heavily wounded.
The orc high priest barely misses you. The orc knight completely misses you.
The orc sorcerer hits you but does no damage.
You barely miss the orc sorcerer. Your bite misses the orc sorcerer.
The orc sorcerer is heavily wounded.
The orc sorcerer barely misses you. You block the orc high priest's attack.
The orc knight hits you with a +3 war axe!
* * * LOW HITPOINT WARNING * * *
The orc knight is very cold.
The orc knight is moderately wounded.
You hit the orc sorcerer. You drain the orc sorcerer.
You bite the orc sorcerer.
The orc sorcerer's magic leaks into the air.
You drain its magic.
You feel invigorated.
The orc sorcerer is almost dead.
You hit the orc sorcerer. You drain the orc sorcerer.
Your bite misses the orc sorcerer.
The orc sorcerer is almost dead.
You block the orc sorcerer's attack.
The orc high priest hits you with a +1 vampiric scimitar!
* * * LOW HITPOINT WARNING * * *
The orc high priest is very cold.
The orc high priest is lightly wounded.
The orc knight hits you with a +3 war axe!!
* * * LOW HITPOINT WARNING * * *
The orc knight is very cold.
The orc knight is moderately wounded.
You hit the orc sorcerer.
You kill the orc sorcerer!
The orc high priest hits you with a +1 vampiric scimitar!
You die...

..##.))###...## ##. ##.....
.)#).)###...## # ##....
.#)..###.#.##. .## ##...
...)###...##..# #..# ##..
.....###.#.##..# #..# ##...
##..#####...##3o###..# ##....
.#.)#.####...##oo#36# ##.....
...[...####)..##oo4# ##......
......>..###..)#@#.#.. ##.......
.......#..###.))4)....###........
........######)#)).#.###.........
............###).)..###..........
.............###...###...........
.....#......#.###.###....#.......
...........##.######.............
................###..)...........
.##..##....#..##.#...))..........


You could see a demonspawn, an orc knight (strong, drained), a soul eater
(summoned), 4 orc high priests, an ice devil (summoned), a neqoxec (summoned)
and a chaos spawn (summoned).

Vanquished Creatures
  2 slime creatures (D:12)
  3 dire elephants (Lair:5)
  Snorg (Lair:4)
  Erolcha (D:11)
  3 hydras
  4 centaur warriors (D:13)
  5 death yaks
  4 two-headed ogres
  The ghost of McMuffin the Cleaver, a novice HOFi of Beogh (Lair:1)
  2 boulder beetles
  2 orc high priests (Orc:2)
  A tengu warrior (D:11)
  A spectral dire elephant (Lair:5)
  2 spectral death yaks (Lair:5)
  A spectral anaconda (Lair:5)
  A bog body (Lair:2)
  Pikel (D:7)
  2 obsidian statues
  4 orc knights (Orc:2)
  2 deep elf pyromancers (D:13)
  4 necromancers
  8 orc sorcerers
  3 manticores
  3 cyclopes
  20 elephants
  Maurice (D:12)
  An ice statue (IceCv)
  A dire elephant zombie (Lair:5)
  A torpor snail (Lair:5)
  A gargoyle (D:11)
  4 cane toads
  An unseen horror (D:12)
  Maggie (D:7)
  An orange demon (Orc:2)
  14 ice devils (IceCv)
  7 kobold demonologists
  6 komodo dragons
  4 freezing wraiths (IceCv)
  4 rime drakes
  3 tengu conjurers (D:13)
  A hellwing (Orc:2)
  An anaconda simulacrum (IceCv)
  A troll (shapeshifter) (D:13)
  11 trolls
  2 polar bears
  Prince Ribbit (D:6)
  3 hornets
  3 meliai (D:13)
  21 blink frogs
  Grinder (D:3)
  A spectral elephant (Lair:5)
  Sigmund (D:4)
  A shadow (D:12)
  A vampire (D:12)
  A ynoxinul (Orc:2)
  4 spriggans (Lair:1)
  3 wraiths
  A dire elephant simulacrum (IceCv)
  49 yaks
  2 wyverns (D:9)
  4 death yak simulacra (IceCv)
  4 basilisks
  9 vampire mosquitoes
  3 steam dragons
  Edmund (D:4)
  2 spectral cane toads (Lair:5)
  A warg (Orc:1)
  6 water moccasins
  Duvessa (D:7)
  3 hydra simulacra (IceCv)
  28 orc warriors
  3 ice beasts (D:7)
  An elephant zombie (Lair:5)
  2 ogres
  12 wolves
  11 centaurs
  3 elephant skeletons (Lair:5)
  A phantom (D:5)
  9 kobold brigands
  Blork the orc (D:6)
  9 bullfrogs
  3 gnoll sergeants
  2 necrophages
  2 scorpions (D:5)
  A cane toad simulacrum (IceCv)
  3 two-headed ogre simulacra (IceCv)
  6 wights
  Dowan (D:7)
  7 elephant simulacra
  2 electric eels
  2 howler monkeys (D:11)
  A crimson imp (D:7)
  2 jellies
  2 hounds (D:5)
  3 gnoll boudas
  24 orc priests
  2 iguanas
  17 orc wizards
  5 hell rats (Lair:2)
  3 polar bear simulacra (IceCv)
  7 wolf simulacra (IceCv)
  Robin (D:3)
  5 adders
  35 gnolls
  A river rat (D:9)
  A naga simulacrum (IceCv)
  2 shadow imps
  15 white imps
  2 ufetubi
  69 orcs
  4 endoplasms
  5 giant cockroaches
  18 goblins
  8 hobgoblins
  7 jackals
  3 quokkas
  8 ball pythons
  8 bats
  3 frilled lizards
  35 kobolds
  10 rats
  2 butterflies (Lair:2)
691 creatures vanquished.

Vanquished Creatures (others)
  A bush (Lair:1)
  10 fungi
  30 plants
  9 withered plants (Lair:5)
50 creatures vanquished.

Grand Total: 741 creatures vanquished

Notes
Turn   | Place    | Note
-------+----------+-------------------------------------------
     0 | D:1      | zishaf the Vine Stalker Brigand began the quest for the
                  | Orb.
     0 | D:1      | Reached XP level 1. HP: 11/11 MP: 2/2
   124 | D:1      | Reached skill level 1 in Dodging
   124 | D:1      | Reached XP level 2. HP: 9/15 MP: 1/3
   130 | D:1      | Reached skill level 5 in Stealth
   403 | D:1      | Reached XP level 3. HP: 13/18 MP: 2/4
  1131 | D:2      | Gained mutation: Your natural rate of healing is unusually
                  | fast. [Vine Stalker growth]
  1131 | D:2      | Reached XP level 4. HP: 23/23 MP: 5/5
  1824 | D:3      | Noticed Robin
  1870 | D:3      | Reached XP level 5. HP: 27/27 MP: 4/6
  1875 | D:3      | Killed Robin
  1940 | D:3      | Found a stormy altar of Qazlal.
  1965 | D:3      | Noticed Grinder
  2010 | D:3      | Killed Grinder
  2011 | D:3      | Reached XP level 6. HP: 29/32 MP: 4/7
  2493 | D:4      | Noticed Sigmund
  2497 | D:4      | Found a sparkling altar of Nemelex Xobeh.
  2501 | D:4      | Killed Sigmund
  2502 | D:4      | Reached skill level 1 in Shields
  2502 | D:4      | Reached XP level 7. HP: 35/36 MP: 8/8
  2851 | D:4      | Gained mutation: You occasionally lose the ability to drink
                  | potions when taking damage. [potion of mutation]
  2851 | D:4      | Gained mutation: You are clumsy. (Dex -2) [potion of
                  | mutation]
  2851 | D:4      | Gained mutation: You have sharp toenails. [potion of
                  | mutation]
  2852 | D:4      | Lost mutation: You have sharp toenails. [potion of
                  | mutation]
  2852 | D:4      | Lost mutation: You are clumsy. (Dex -2) [potion of
                  | mutation]
  2852 | D:4      | Lost mutation: You occasionally lose the ability to drink
                  | potions when taking damage. [potion of mutation]
  2852 | D:4      | Gained mutation: You occasionally shout uncontrollably at
                  | your foes. [potion of mutation]
  2852 | D:4      | Gained mutation: You frequently scream uncontrollably at
                  | your foes. [potion of mutation]
  2852 | D:4      | Gained mutation: You occasionally lose the ability to read
                  | scrolls when taking damage. [potion of mutation]
  2853 | D:4      | Lost mutation: You occasionally lose the ability to read
                  | scrolls when taking damage. [potion of mutation]
  2853 | D:4      | Lost mutation: You frequently scream uncontrollably at your
                  | foes. [potion of mutation]
  2853 | D:4      | Lost mutation: You occasionally shout uncontrollably at
                  | your foes. [potion of mutation]
  2853 | D:4      | Gained mutation: A frigid envelope surrounds you and
                  | freezes all who hurt you. [potion of mutation]
  2853 | D:4      | Gained mutation: You possess an exceptional clarity of
                  | mind. [potion of mutation]
  2883 | D:4      | Noticed Edmund
  2895 | D:4      | Killed Edmund
  3125 | D:4      | Found a radiant altar of Vehumet.
  3188 | D:5      | Entered Level 5 of the Dungeon
  3192 | D:5      | Reached skill level 1 in Evocations
  3192 | D:5      | Gained mutation: You have razor-sharp teeth. [Vine Stalker
                  | growth]
  3192 | D:5      | Reached XP level 8. HP: 42/42 MP: 9/9
  3256 | D:5      | Found a staircase to the Ecumenical Temple.
  3262 | Temple   | Entered the Ecumenical Temple
  3326 | Temple   | Became a worshipper of Uskayaw the Reveller
  3371 | D:5      | Reached * piety under Uskayaw
  3373 | D:5      | Reached ** piety under Uskayaw
  3492 | D:5      | Found an opulent altar of Gozag.
  3506 | D:5      | Reached skill level 1 in Invocations
  3833 | D:5      | Reached skill level 2 in Invocations
  3842 | D:5      | Reached *** piety under Uskayaw
  4187 | D:6      | Reached skill level 3 in Invocations
  4407 | D:6      | Noticed Prince Ribbit
  4414 | D:6      | Killed Prince Ribbit
  4415 | D:6      | Reached XP level 9. HP: 38/46 MP: 12/12
  4489 | D:6      | Noticed Blork the orc
  4497 | D:6      | Killed Blork the orc
  4552 | D:7      | Found a burning altar of Makhleb.
  4586 | D:7      | Reached **** piety under Uskayaw
  4589 | D:7      | Reached skill level 5 in Short Blades
  4590 | D:7      | Reached ***** piety under Uskayaw
  4595 | D:7      | Reached skill level 4 in Invocations
  4596 | D:7      | Reached skill level 5 in Fighting
  4598 | D:7      | Reached skill level 5 in Throwing
  4599 | D:7      | Reached ****** piety under Uskayaw
  4717 | D:7      | Noticed Pikel
  4726 | D:7      | Killed Pikel
  4727 | D:7      | Reached skill level 5 in Invocations
  4849 | D:7      | Noticed Duvessa
  4849 | D:7      | Noticed Dowan
  4860 | D:7      | Killed Duvessa
  4864 | D:7      | Reached XP level 10. HP: 33/53 MP: 13/15
  4866 | D:7      | Killed Dowan
  4966 | D:7      | Noticed Maggie
  4981 | D:7      | Killed Maggie
  4982 | D:7      | Reached skill level 6 in Invocations
  5448 | D:8      | Reached skill level 5 in Shields
  5449 | D:8      | Reached skill level 7 in Invocations
  5480 | D:8      | Found a shimmering blue altar of Sif Muna.
  6089 | D:9      | Noticed a death yak
  6119 | D:9      | Noticed a death yak
  6119 | D:9      | Noticed a death yak
  6155 | D:8      | Killed a death yak
  6156 | D:8      | Reached skill level 8 in Invocations
  6179 | D:9      | Killed a death yak
  6188 | D:9      | Killed a death yak
  6189 | D:9      | Reached XP level 11. HP: 25/58 MP: 18/18
  6259 | D:9      | Reached skill level 9 in Invocations
  6356 | D:9      | Noticed an obsidian statue
  6512 | D:9      | Killed an obsidian statue
  6669 | D:9      | Found a staircase to the Lair.
  6740 | D:9      | Noticed an angel
  6741 | D:9      | Found a glowing silver altar of Zin.
  7474 | D:10     | Entered Level 10 of the Dungeon
  7488 | D:10     | Reached skill level 10 in Invocations
  7506 | D:10     | Identified the ring "Jaje" {Will+ AC+4}
  8282 | D:10     | Identified the +10 mace "Beetlebane" {freeze, rPois rF+
                  | Int+3}
  8863 | D:11     | Found an ornate altar of the Wu Jian Council.
  8899 | D:11     | Noticed a two-headed ogre
  8906 | D:11     | Killed a two-headed ogre
  8975 | D:11     | Noticed a two-headed ogre
  8982 | D:11     | Killed a two-headed ogre
  8983 | D:11     | Reached skill level 11 in Invocations
  8983 | D:11     | Reached XP level 12. HP: 53/65 MP: 21/21
  9028 | D:11     | Noticed a two-headed ogre
  9036 | D:11     | Killed a two-headed ogre
  9106 | D:11     | Noticed a tengu warrior
  9112 | D:11     | Killed a tengu warrior
  9195 | D:11     | Noticed a boulder beetle
  9198 | D:11     | Killed a boulder beetle
  9200 | D:11     | Identified the ring of Greater Demons {Wiz rElec Dex+3}
  9470 | D:11     | Noticed Erolcha
  9480 | D:11     | Killed Erolcha
  9615 | D:11     | Reached skill level 12 in Invocations
  9751 | Lair:1   | Entered Level 1 of the Lair of Beasts
  9830 | Lair:1   | Found a runed translucent door.
  9831 | Lair:1   | Noticed McMuffin's ghost (novice HOFi)
  9833 | Lair:1   | Identified the +8 trident of the Traitor {vorpal, *Slow rN+
                  | Dex+4}
 10169 | Lair:1   | Killed McMuffin's ghost
 10482 | Lair:1   | Noticed a seven-headed hydra
 10494 | Lair:1   | Killed a seven-headed hydra
 10518 | Lair:1   | Reached skill level 13 in Invocations
 10772 | Lair:1   | Reached XP level 13. HP: 70/70 MP: 23/23
 11311 | Lair:1   | Paralysed by a hornet for 2 turns
 11927 | Lair:2   | Reached skill level 10 in Fighting
 12161 | Lair:2   | Found a staircase to the Swamp.
 12654 | Lair:3   | Found a hole to the Spider Nest.
 12673 | Lair:3   | Identified a scroll of acquirement
 12784 | Lair:3   | Reached skill level 14 in Invocations
 12791 | Lair:3   | Acquired the amulet "Yphe" {RegenMP rPois Str+2 Slay+2}
 12879 | Lair:3   | Reached skill level 5 in Evocations
 13405 | Lair:4   | Noticed Snorg
 13415 | Lair:4   | Killed Snorg
 13987 | Lair:5   | Entered Level 5 of the Lair of Beasts
 13994 | Lair:5   | Found a staircase to the Slime Pits.
 14121 | Lair:5   | Reached skill level 15 in Invocations
 14231 | Lair:5   | Reached XP level 14. HP: 60/77 MP: 23/26
 14485 | Lair:5   | Noticed a dire elephant
 14485 | Lair:5   | Noticed a dire elephant
 14486 | Lair:5   | Noticed a dire elephant
 14743 | Lair:5   | Killed a dire elephant
 14750 | Lair:5   | Killed a dire elephant
 14754 | Lair:5   | Killed a dire elephant
 14811 | Lair:5   | Got Kikubaaqudgh's Secrets of the Mortuary
 14852 | Lair:5   | Identified the +7 scimitar "Arbiter" {flame, rF+ Str+3}
 15425 | D:12     | Noticed Maurice
 15435 | D:12     | Killed Maurice
 15539 | D:12     | Found a staircase to the Orcish Mines.
 15978 | D:13     | Found a portal to a secret trove of treasure.
 16184 | D:13     | Found Osumaitidi's Changing Room.
 16193 | D:13     | Bought a potion of mutation for 120 gold pieces
 16193 | D:13     | Bought a potion of mutation for 120 gold pieces
 16320 | D:13     | Reached XP level 15. HP: 22/84 MP: 11/27
 16325 | D:13     | Reached skill level 16 in Invocations
 16330 | D:13     | HP: 4/84 [centaur warrior (3)]
 16757 | D:13     | Reached skill level 10 in Stealth
 17010 | Orc:1    | Entered Level 1 of the Orcish Mines
 17059 | Orc:1    | Found a frozen archway.
 17123 | IceCv    | Entered an ice cave
 17531 | IceCv    | Got Sif Muna's Almanac of Vile Rime
 17583 | IceCv    | Found an ancient bone altar of Kikubaaqudgha.
 17978 | Orc:2    | Entered Level 2 of the Orcish Mines
 18201 | Orc:2    | Found Fule's Magic Scroll Emporium.
 18204 | Orc:2    | Bought a scroll of enchant weapon for 112 gold pieces
 18245 | Orc:2    | Found a staircase to the Elven Halls.
 18272 | Orc:2    | Found Zucaaruu's General Store.
 18273 | Orc:2    | Found Ciofirau's Magic Scroll Shoppe.
 18415 | Orc:2    | Found a runed translucent door.
 18690 | Orc:2    | Found Qoffilaw's Antique Armour Shop.
 18700 | Orc:2    | Found Surahuis's Magic Scroll Shop.
 18713 | Orc:2    | Found Enteam's Book Shop.
 19073 | Orc:2    | HP: 4/85 [orc knight/+3 war axe (9)]
 19074 | Orc:2    | Slain by an orc high priest

Illustrated notes

Levels and vault maps discovered:
D:1:      matt_arrival_refuge, layout_basic, nicolae_kite_square_tiling_tiny
D:2:      layout_basic
D:3:      layout_rooms, mainiacjoe_overflow_paths, kennysheep_generic_room_4,
          uniq_grinder, uniq_robin
D:4:      layout_basic, nicolae_vehumet_altar_sigil,
          mainiacjoe_overflow_alcove_1, minmay_misc_feat_columns,
          minmay_misc_feat_tower, nicolae_grassy_gnolls, uniq_sigmund,
          uniq_edmund
D:5:      layout_loops_corners, amcnicky_altar_gilded, temple_green,
          corexii_item_surrounded_by_moat
D:6:      layout_rooms, uniq_blork_the_orc, uniq_prince_ribbit1
D:7:      layout_loops_ring, makhleb_grotto_becter, st_stairs_7,
          kennysheep_small_square, uniq_pikel, uniq_maggie, uniq_duvessa
D:8:      layout_cave_pools, mainiacjoe_overflow_brackets, serial_column_ruins,
          column_ruins_hut, column_ruins_grid_1, column_ruins_grid_3,
          column_ruins_corridor_straight, column_ruins_open_small,
          lightli_orcish_oven
D:9:      layout_layer_cave, zin_angel, dpeg_lair_monsters, minmay_statue_bubble
D:10:     layout_layer_cave
D:11:     minmay_wavy_crystal, layout_loops_ring, nzn_wu_jian_council_hall,
          uniq_erolcha
D:12:     layout_roguey, orc_0_dummy, chequers_serial_rivers_marsh, uniq_maurice
D:13:     layout_small_grid, nicolae_trove_entry_columns,
          nicolae_transmutations_shop, minmay_librarian
Temple:   nicolae_temple_bog_church
Lair:1:   layout_cave_pods, ebering_ghost_funeral_grove
Lair:2:   layout_loops_ring, skrybe_swamp_entry_bodies, grunt_megastairs_3,
          lemuel_fruit_fields, lemuel_fruit_tree, infiniplex_staircase_pool
Lair:3:   layout_gridlike, spider_nest_entry_webs, lemuel_another_geyser,
          lemuel_fruit_fields, serial_bayou_shore_a
Lair:4:   layout_long_grid, uniq_snorg
Lair:5:   due_jungle_book, layout_gridlike, slime_entry_1, serial_rivers,
          chequers_serial_rivers_room_b, chequers_serial_rivers_marsh,
          chequers_serial_rivers_micro_d, chequers_serial_rivers_micro_e,
          chequers_serial_rivers_small_3, serial_bayou_shore_b
Orc:1:    layout_diamond_mine, portal_ice_cave_entry_imps
Orc:2:    pf_orc_diabolical, layout_caves, serial_shops, shop, shop_statue,
          nicolae_shop_behind_doors, shop_statue, lightli_church_of_beogh

Skill      XL: |  1  2  3  4  5  6  7  8  9 10 11 12 13 14 15 |
---------------+----------------------------------------------+-----
Dodging        | 1 |  1.0
Stealth        | 5 6 7 8 9 11 | 11.3
Fighting       | 2 3 4 5 7 8 9 10 12 | 12.7
Short Blades   | 2 3 4 5 6 7 8 |  8.0
Throwing       | 2 3 4 5 6 7 8 |  8.0
Shields        | 1 2 3 4 5 |  5.9
Evocations     | 1 2 3 4 6 8 |  8.0
Invocations    | 3 5 8 11 13 15 16 | 16.5

Action                   |  1- 3 |  4- 6 |  7- 9 | 10-12 | 13-15 || total
-------------------------+-------+-------+-------+-------+-------++-------
Melee: Dagger            |   102 |   161 |   158 |   436 |   905 ||  1762
       Bite              |    16 |    39 |    37 |   152 |   430 ||   674
       Punch             |     1 |     1 |       |       |       ||     2
Throw: Dart              |     3 |    10 |     2 |     5 |       ||    20
       Boomerang         |       |       |    17 |    19 |     6 ||    42
Invok: Grand Finale      |       |       |       |     2 |     4 ||     6
Evoke: Condenser vane    |       |       |       |       |     1 ||     1
  Use: Potion            |       |     1 |     3 |     1 |     1 ||     6
       Scroll            |       |     9 |    10 |     7 |     7 ||    33
 Stab: Sleeping          |     5 |     6 |     8 |     7 |    17 ||    43
       Distracted        |       |       |     2 |     1 |       ||     3
       Paralysed         |       |       |     8 |    42 |    88 ||   138
Armor: Robe              |    37 |       |       |       |    99 ||   136
       Leather armour    |     5 |    77 |    30 |     2 |       ||   114
       Skin              |       |     5 |       |       |       ||     5
       Steam dragon scal |       |       |       |    21 |       ||    21
       Ring mail         |       |       |       |   139 |   233 ||   372
Dodge: Dodged            |    55 |    73 |    53 |   136 |   318 ||   635
Block: Buckler           |       |     3 |    20 |    96 |   128 ||   247
       Kite shield       |       |       |       |       |   102 ||   102

Table legend: (Time is in decaauts)
 A = Elapsed time spent in this place.
 B = Non-inter-level travel time spent in this place.
 C = Inter-level travel time spent in this place.
 D = Time resting spent in this place.
 E = Time spent auto-exploring this place.
 F = Levels seen in this place.
 G = Mean time per level.
                   A        B        C        D        E       F      G
               +--------+--------+--------+--------+--------+-----+--------+
         Total |  18705 |  17736 |    969 |    440 |  13219 |  22 |  850.2 |
       Dungeon |  11391 |  10824 |    567 |    286 |   8257 |  13 |  876.2 |
        Temple |     84 |     69 |     15 |      0 |     47 |   1 |   84.0 |
          Lair |   5273 |   4958 |    315 |     17 |   3921 |   5 | 1054.6 |
  Orcish Mines |   1294 |   1223 |     71 |      8 |    826 |   2 |  647.0 |
      Ice Cave |    662 |    662 |      0 |    129 |    168 |   1 |  662.0 |
               +--------+--------+--------+--------+--------+-----+--------+

Top non-repeatable levels by time:
  Lair:1: 1790 daAuts
     D:9: 1409 daAuts
    D:10: 1211 daAuts
  Lair:5: 1112 daAuts
    D:11: 1092 daAuts
    D:13: 993 daAuts
  Lair:2: 990 daAuts
   Orc:2: 957 daAuts
     D:2: 930 daAuts
     D:7: 871 daAuts
     D:5: 842 daAuts
     D:4: 812 daAuts
     D:1: 800 daAuts
  Lair:3: 757 daAuts
     D:8: 717 daAuts
